 Dungeon Crawl Stone Soup version 0.31-a0-202-g547052bce9 (webtiles) character file.

Game seed: 1869190660669979303

16 innerfire43 the Trooper (level 2, -3/24 HPs)
             Began as a Demonspawn Monk on June 26, 2023.
             Slain by a gnoll
             ... wielding a +0 halberd
              (16 damage)
             ... on level 2 of the Dungeon.
             The game lasted 00:00:29 (665 turns).

innerfire43 the Trooper (Demonspawn Monk)            Turns: 665, Time: 00:00:29

Health: -3/24      AC:  2    Str: 11    XL:     2   Next: 41%
Magic:  2/2        EV: 13    Int: 11    God:
Gold:   47         SH:  0    Dex: 15    Spells: 1/1 levels left

rFire   . . .        a - +0 hand axe
rCold   . . .        d - orb {light}
rNeg    . . .        b - +0 robe
rPois   .            (helmet restricted)
rElec   .            (no cloak)
rCorr   .            (no gloves)
SInv    .            (no boots)
Will    .....        (no amulet)
Stlth   +            (no ring)
HPRegen 0.24/turn    (no ring)
MPRegen 0.08/turn

%: no passive effects
@: glowing
A: antennae 1
a: no special abilities


You were on level 2 of the Dungeon.
You visited 1 branch of the dungeon, and saw 2 of its levels.

You collected 47 gold pieces.

Inventory:

Hand Weapons
 a - a +0 hand axe (weapon)
Armour
 b - a +0 robe (worn)
 d - an orb of light (worn)
Jewellery
 h - a ring of ice
Scrolls
 e - a scroll of revelation {unknown}
 f - 2 scrolls of identify {unknown}
Potions
 c - a potion of ambrosia
 g - a potion of curing {unknown}


   Skills:
 + Level 3.3 Fighting
 + Level 3.0 Axes
 + Level 3.0 Dodging


You had one spell level left.
You didn't know any spells.
Your spell library was empty.

Dungeon Overview and Level Annotations

Branches:
Dungeon (1/15)

Altars:


Innate Abilities, Weirdness & Mutations

You have a pair of small antennae on your head.


Message History

You hit the hobgoblin.
You kill the hobgoblin!
Your Axes skill increases to level 3!
Your Dodging skill increases to level 3!
A ball python is nearby!
You barely miss the ball python. The ball python misses you.
The ball python grabs you. The ball python constricts you.
The ball python barely misses you. The ball python constricts you.
A ball python is nearby!
You hit the ball python.
You kill the ball python!
No target in view!
You see here a ball python corpse.
You sense a monster nearby.
No target in view!
A sourceless malevolence fills the Dungeon...
You fall into a shaft and drop 1 floor!
The shaft crumbles and collapses.
Found 5 gold pieces.
You now have 47 gold pieces (gained 5).
A gnoll comes into view. It is wielding a +0 club.
The gnoll shouts!
You hear a shout!
A gnoll comes into view. It is wielding a +0 halberd.
You hit the gnoll but do no damage. The gnoll hits you with a +0 club.
You hit the gnoll.
The gnoll is heavily wounded.
The gnoll hits you with a +0 club.
You hit the gnoll.
The gnoll is heavily wounded.
A gnoll comes into view. It is wielding a +0 spear.
The gnoll hits you with a +0 club.
The gnoll shouts!
You hit the gnoll.
The gnoll is severely wounded.
The gnoll barely misses you. x2
You barely miss the gnoll.
The gnoll is severely wounded.
The gnoll hits you from afar with a +0 halberd!
Ouch! That really hurt!
You die...

#... #..#
###. #...
...
#..#...
###..#.#
......
#..#######
#.@gg.g...
#.#####..#
#.# #.#
#.# #.#
#.# #.#
#.#


You could see 3 gnolls.

Vanquished Creatures
  An endoplasm (D:1)
  A giant cockroach (D:1)
  2 goblins (D:1)
  3 hobgoblins (D:1)
  A quokka (D:1)
  A ball python (D:1)
  3 bats (D:1)
  2 frilled lizards (D:1)
  2 kobolds (D:1)
16 creatures vanquished.

Notes
Turn   | Place    | Note
-------+----------+-------------------------------------------
     0 | D:1      | innerfire43 the Demonspawn Monk began the quest for the
                  | Orb.
     0 | D:1      | Reached XP level 1. HP: 18/18 MP: 1/1
   255 | D:1      | Discovered your monstrous ancestry.
   255 | D:1      | Gained mutation: You have a pair of small antennae on your
                  | head. [demonic ancestry]
   255 | D:1      | Reached XP level 2. HP: 24/24 MP: 2/2
   651 | D:1      | You fall into a shaft and drop 1 floor!
   665 | D:2      | Slain by a gnoll

Illustrated notes

Levels and vault maps discovered:
D:1:      minmay_arrival_plants_in_alcoves, layout_loops_corners,
          minmay_misc_feat_ornament
D:2:      layout_loops_ring, serial_park_tiny_2

Skill      XL: |  1  2 |
---------------+-------+-----
Axes           | 3 |  3.0
Dodging        | 3 |  3.0
Fighting       | |  3.3

Action                     || total
---------------------------++-------
  Melee: Hand axe          ||    48
 Armour: Robe              ||     2
  Dodge: Dodged            ||    27

Table legend: (Time is in decaauts)
 A = Elapsed time spent in this place.
 B = Non-inter-level travel time spent in this place.
 C = Inter-level travel time spent in this place.
 D = Time resting spent in this place.
 E = Time spent auto-exploring this place.
 F = Levels seen in this place.
 G = Mean time per level.
                   A        B        C        D        E       F      G
               +--------+--------+--------+--------+--------+-----+--------+
         Total |    672 |    672 |      0 |      0 |    559 |   2 |  336.0 |
       Dungeon |    672 |    672 |      0 |      0 |    559 |   2 |  336.0 |
               +--------+--------+--------+--------+--------+-----+--------+

Top non-repeatable levels by time:
     D:1: 657 daAuts
     D:2: 14 daAuts
